SA
VALLEY BLUE SOX @ KENNESAW JETS
08/30/2032
 
TOP OF THE 1ST
Valley Blue Sox batting - Pitching for Kennesaw Jets : RHP Idowu Okonjo
Pitching: RHP Idowu Okonjo
Batting: RHB Dallas Jiménez 0-0: Foul Ball, location: 2F
0-1: Swinging Strike
0-2: Strikes out swinging
Batting: RHB Mike Peoples 0-0: Foul Ball, location: 2F
0-1: Ball
1-1: Ball
2-1: Foul Ball, location: 2F
2-2: Foul Ball, location: 2F
2-2: Strikes out swinging
Batting: RHB Rob Brooks 0-0: Ball
1-0: Foul Ball, location: 2F
1-1: Swinging Strike
1-2: Strikes out swinging
Top of the 1st over - 0 runs, 0 hits, 0 errors, 0 left on base; Valley 0 - Kennesaw 0
BOTTOM OF THE 1ST
Kennesaw Jets batting - Pitching for Valley Blue Sox : RHP Charlie Fairthorne
Pitching: RHP Charlie Fairthorne
Batting: RHB Conor Culver 0-0: Swinging Strike
0-1: Ball
1-1: Ball
2-1: Foul Ball, location: 2F
2-2: Ball
3-2: Foul Ball, location: 2F
3-2: Ground out 5-3 (Groundball, 56S)
Batting: LHB Sandor Addicks 0-0: Called Strike
0-1: Swinging Strike
0-2: Ball
1-2: Foul Ball, location: 2F
1-2: Strikes out swinging
Pitching: RHP Sun Kwan
Batting: RHB Walt Miller 0-0: Fly out, F9 (Flyball, 9S)
Bottom of the 1st over - 0 runs, 0 hits, 0 errors, 0 left on base; Valley 0 - Kennesaw 0
TOP OF THE 2ND
Valley Blue Sox batting - Pitching for Kennesaw Jets : RHP Idowu Okonjo
Batting: LHB Henry Madore 0-0: Called Strike
0-1: Foul Ball, location: 2F
0-2: Strikes out swinging
Batting: RHB Mark Lizárraga 0-0: Ball
1-0: Foul Ball, location: 2F
1-1: Swinging Strike
1-2: Ball
2-2: Fly out, F3 (Line Drive, 34)
Batting: RHB Roy Burns 0-0: Ball
1-0: Ball
2-0: Called Strike
2-1: Foul Ball, location: 2F
2-2: Ball
3-2: SINGLE (Groundball, 6MD)
Batting: RHB José Árias 0-0: Ground out 5-3 (Groundball, 5S)
Top of the 2nd over - 0 runs, 1 hit, 0 errors, 1 left on base; Valley 0 - Kennesaw 0
BOTTOM OF THE 2ND
Kennesaw Jets batting - Pitching for Valley Blue Sox : RHP Sun Kwan
Batting: SHB Joam Francia 0-0: Foul Ball, location: 2F
0-1: Foul Ball, location: 2F
0-2: Strikes out swinging
Batting: RHB Alain Grosjean 0-0: Called Strike
0-1: Foul Ball, location: 2F
0-2: Ground out 6-3 (Groundball, 56)
Batting: RHB Andy Holder 0-0: Swinging Strike
0-1: Foul Ball, location: 2F
0-2: Strikes out swinging
Bottom of the 2nd over - 0 runs, 0 hits, 0 errors, 0 left on base; Valley 0 - Kennesaw 0
TOP OF THE 3RD
Valley Blue Sox batting - Pitching for Kennesaw Jets : RHP Idowu Okonjo
Batting: RHB Tomás Cameros 0-0: Called Strike
0-1: Fly out, F3 (Popup, 23F)
Batting: SHB Donnie Magee 0-0: Called Strike
0-1: Foul Ball, location: 2F
0-2: Foul Ball, location: 2F
0-2: Ball
1-2: Ball
2-2: Ground out 1-3 (Groundball, 15S)
Batting: RHB Dallas Jiménez 0-0: Ball
1-0: Called Strike
1-1: Swinging Strike
1-2: Strikes out looking
Top of the 3rd over - 0 runs, 0 hits, 0 errors, 0 left on base; Valley 0 - Kennesaw 0
BOTTOM OF THE 3RD
Kennesaw Jets batting - Pitching for Valley Blue Sox : RHP Sun Kwan
Batting: RHB Clancy Powell 0-0: Called Strike
0-1: Called Strike
0-2: Foul Ball, location: 2F
0-2: Ground out 6-3 (Groundball, 6)
Batting: RHB Cary Beswich 0-0: Called Strike
0-1: Ball
1-1: Ball
2-1: Called Strike
2-2: Ground out 1-3 (Groundball, 13S)
Batting: RHB Jason Hopdown 0-0: Swinging Strike
0-1: Foul Ball, location: 2F
0-2: SINGLE (Flyball, 8RS)
Batting: RHB Conor Culver 0-0: Ball
Jason Hopdown steals 2nd base
1-0: Swinging Strike
1-1: Ball
2-1: SINGLE (Groundball, 56D)
Jason Hopdown to third
Runner from 3rd tries for Home, SAFE, throw made home
Batting: LHB Sandor Addicks 0-0: Called Strike
0-1: Foul Ball, location: 2F
0-2: Ball
1-2: Strikes out swinging
Bottom of the 3rd over - 1 run, 2 hits, 0 errors, 1 left on base; Valley 0 - Kennesaw 1
TOP OF THE 4TH
Valley Blue Sox batting - Pitching for Kennesaw Jets : RHP Idowu Okonjo
Batting: RHB Mike Peoples 0-0: Called Strike
0-1: Called Strike
0-2: Strikes out swinging
Batting: RHB Rob Brooks 0-0: SINGLE (Line Drive, 6)
Batting: LHB Henry Madore 0-0: Called Strike
0-1: Fly out, F7 (Flyball, 7S)
Batting: RHB Mark Lizárraga 0-0: Ball
1-0: Called Strike
1-1: Foul Ball, location: 2F
1-2: Ball
2-2: Foul Ball, location: 2F
2-2: Ball
3-2: Foul Ball, location: 2F
3-2: Foul Ball, location: 2F
3-2: SINGLE (Groundball, 6MD)
Rob Brooks to second
Rob Brooks to third
Batting: RHB Roy Burns 0-0: Called Strike
0-1: Ground out 1-3 (Groundball, 15S)
Top of the 4th over - 0 runs, 2 hits, 0 errors, 2 left on base; Valley 0 - Kennesaw 1
BOTTOM OF THE 4TH
Kennesaw Jets batting - Pitching for Valley Blue Sox : RHP Sun Kwan
Batting: RHB Walt Miller 0-0: Swinging Strike
0-1: Swinging Strike
0-2: Ball
1-2: Ball
2-2: Strikes out swinging
Batting: SHB Joam Francia 0-0: Ball
1-0: Called Strike
1-1: Ball
2-1: Foul Ball, location: 2F
2-2: Ball
3-2: Foul Ball, location: 2F
3-2: SINGLE (Line Drive, 34)
Batting: RHB Alain Grosjean 0-0: Ball
1-0: Called Strike
1-1: Fly out, F8 (Flyball, 8RD)
Batting: RHB Andy Holder 0-0: Called Strike
0-1: Ball
1-1: Called Strike
1-2: Foul Ball, location: 2F
1-2: Fly out, F7 (Flyball, 7)
Bottom of the 4th over - 0 runs, 1 hit, 0 errors, 1 left on base; Valley 0 - Kennesaw 1
TOP OF THE 5TH
Valley Blue Sox batting - Pitching for Kennesaw Jets : RHP Idowu Okonjo
Batting: RHB José Árias 0-0: Ball
1-0: Ball
2-0: Ball
3-0: Base on Balls
Batting: RHB Tomás Cameros 0-0: Bunted foul
0-1: Bunted foul
0-2: Grounds into double play, 6-4-3 (Groundball, 6)
Batting: SHB Donnie Magee 0-0: Ball
1-0: Foul Ball, location: 2F
1-1: Swinging Strike
1-2: Ball
2-2: Ball
3-2: Foul Ball, location: 2F
3-2: Base on Balls
Batting: RHB Dallas Jiménez 0-0: Ball
1-0: Ball
2-0: Ball
3-0: Called Strike
3-1: Base on Balls
Donnie Magee to second
Batting: RHB Mike Peoples 0-0: Ball
1-0: Foul Ball, location: 2F
1-1: Swinging Strike
1-2: Ball
2-2: Foul Ball, location: 2F
2-2: Ball
3-2: Base on Balls
Donnie Magee to third
Dallas Jiménez to second
Batting: RHB Rob Brooks 0-0: Called Strike
0-1: Swinging Strike
0-2: Ball
1-2: Ball
2-2: Foul Ball, location: 2F
2-2: Ball
3-2: Foul Ball, location: 2F
3-2: Base on Balls
Donnie Magee scores
Dallas Jiménez to third
Mike Peoples to second
Batting: LHB Henry Madore 0-0: Ball
1-0: Called Strike
1-1: Ball
2-1: Swinging Strike
2-2: Strikes out swinging
Top of the 5th over - 1 run, 0 hits, 0 errors, 3 left on base; Valley 1 - Kennesaw 1
BOTTOM OF THE 5TH
Kennesaw Jets batting - Pitching for Valley Blue Sox : RHP Sun Kwan
Batting: RHB Clancy Powell 0-0: Ball
1-0: Ball
2-0: DOUBLE (Flyball, 78XD)
Batting: RHB Cary Beswich 0-0: Foul Ball, location: 2F
0-1: Swinging Strike
0-2: Ball
1-2: Ball
2-2: Ball
3-2: Base on Balls
Batting: RHB Jason Hopdown 0-0: SINGLE (Groundball, 56D)
Clancy Powell to third
Cary Beswich to second
Batting: RHB Conor Culver 0-0: Foul Ball, location: 2F
0-1: Ball
1-1: Ball
2-1: Ball
3-1: Fly out, F8 (Flyball, 8LD)
Runner from 3rd tags up, SCORES, throw made
Batting: LHB Sandor Addicks 0-0: Called Strike
0-1: SINGLE (Groundball, 3D)
Cary Beswich to third
Jason Hopdown to second
Runner from 3rd tries for Home, SAFE, throw made home
Pitching: RHP Leo Gabb
Batting: RHB Walt Miller 0-0: Called Strike
Jason Hopdown is caught stealing 3rd base
0-1: Called Strike
0-2: Strikes out swinging
Bottom of the 5th over - 2 runs, 3 hits, 0 errors, 1 left on base; Valley 1 - Kennesaw 3
TOP OF THE 6TH
Valley Blue Sox batting - Pitching for Kennesaw Jets : RHP Idowu Okonjo
Batting: RHB Mark Lizárraga 0-0: Called Strike
0-1: Ball
1-1: Ball
2-1: Foul Ball, location: 2F
2-2: Ball
3-2: Base on Balls
Batting: RHB Roy Burns 0-0: Ball
1-0: Ball
2-0: Bunt - Flyout! F1
Batting: RHB José Árias 0-0: Foul Ball, location: 2F
0-1: Called Strike
0-2: Ball
1-2: Ball
2-2: Ball
3-2: Grounds into double play, 6-4-3 (Groundball, 6)
Top of the 6th over - 0 runs, 0 hits, 0 errors, 0 left on base; Valley 1 - Kennesaw 3
BOTTOM OF THE 6TH
Kennesaw Jets batting - Pitching for Valley Blue Sox : RHP Leo Gabb
Batting: SHB Joam Francia 0-0: Ball
1-0: SOLO HOME RUN (Flyball, 9LD), Distance : 329 ft
Batting: RHB Alain Grosjean 0-0: Ball
1-0: Called Strike
1-1: Swinging Strike
1-2: Strikes out looking
Batting: RHB Andy Holder 0-0: Ground out 1-3 (Groundball, 13S)
Batting: RHB Clancy Powell 0-0: Ball
1-0: Foul Ball, location: 2F
1-1: Foul Ball, location: 2F
1-2: Ball
2-2: Strikes out swinging
Bottom of the 6th over - 1 run, 1 hit, 0 errors, 0 left on base; Valley 1 - Kennesaw 4
TOP OF THE 7TH
Valley Blue Sox batting - Pitching for Kennesaw Jets : RHP Idowu Okonjo
Batting: RHB Tomás Cameros 0-0: Ground out 5-3 (Groundball, 56S)
Batting: SHB Donnie Magee 0-0: Ground out 6-3 (Groundball, 56D)
Batting: RHB Dallas Jiménez 0-0: Called Strike
0-1: Foul Ball, location: 2F
0-2: Ground out 5-3 (Groundball, 56)
Top of the 7th over - 0 runs, 0 hits, 0 errors, 0 left on base; Valley 1 - Kennesaw 4
BOTTOM OF THE 7TH
Kennesaw Jets batting - Pitching for Valley Blue Sox : RHP Leo Gabb
Batting: RHB Cary Beswich 0-0: Ball
1-0: Ball
2-0: Foul Ball, location: 2F
2-1: Foul Ball, location: 2F
2-2: Foul Ball, location: 2F
2-2: Strikes out looking
Batting: RHB Jason Hopdown 0-0: Swinging Strike
0-1: SINGLE (Groundball, 6MD)
Batting: RHB Conor Culver 0-0: Ball
1-0: Ball
2-0: Foul Ball, location: 2F
2-1: SINGLE (Groundball, 6MD)
Jason Hopdown to second
Runner from 2nd tries for 3rd, SAFE, no throw
Batting: LHB Sandor Addicks 0-0: Called Strike
0-1: Ground out U3 (Groundball, 34)
Conor Culver to second
Batting: RHB Walt Miller 0-0: Ball
1-0: Called Strike
1-1: Ball
2-1: Called Strike
2-2: Ball
3-2: Foul Ball, location: 2F
3-2: Fly out, F7 (Flyball, 7S)
Bottom of the 7th over - 0 runs, 2 hits, 0 errors, 2 left on base; Valley 1 - Kennesaw 4
TOP OF THE 8TH
Valley Blue Sox batting - Pitching for Kennesaw Jets : RHP Idowu Okonjo
Pitching: LHP Jules Goux
Batting: RHB Mike Peoples 0-0: Reached on error, E5 (Groundball, 56)
Batting: RHB Rob Brooks 0-0: Called Strike
0-1: Ball
1-1: Foul Ball, location: 2F
1-2: Foul Ball, location: 2F
1-2: Foul Ball, location: 2F
1-2: Ball
2-2: Foul Ball, location: 2F
2-2: Ground out 6-3 (Groundball, 56D)
Mike Peoples to second
Batting: LHB Henry Madore 0-0: Foul Ball, location: 2F
0-1: Ball
1-1: Called Strike
1-2: Strikes out swinging
Batting: RHB Mark Lizárraga 0-0: Fly out, F4 (Popup, 34D)
Top of the 8th over - 0 runs, 0 hits, 1 error, 1 left on base; Valley 1 - Kennesaw 4
BOTTOM OF THE 8TH
Kennesaw Jets batting - Pitching for Valley Blue Sox : RHP Leo Gabb
Batting: SHB Joam Francia 0-0: Ball
1-0: Foul Ball, location: 2F
1-1: Ball
2-1: Ball
3-1: Foul Ball, location: 2F
3-2: Foul Ball, location: 2F
3-2: DOUBLE (Groundball, 3L)
Batting: RHB Alain Grosjean 0-0: Called Strike
0-1: Ground out 4-3 (Groundball, 4)
Joam Francia to third
Batting: RHB Andy Holder 0-0: Called Strike
0-1: Called Strike
0-2: Foul Ball, location: 2F
0-2: Ball
1-2: Ball
2-2: SINGLE (Groundball, 56)
Joam Francia scores
Batting: RHB Clancy Powell 0-0: Ball
Andy Holder is caught stealing 2nd base
1-0: Foul Ball, location: 2F
1-1: Called Strike
1-2: Ball
2-2: Ball
3-2: Strikes out looking
Bottom of the 8th over - 1 run, 2 hits, 0 errors, 0 left on base; Valley 1 - Kennesaw 5
TOP OF THE 9TH
Valley Blue Sox batting - Pitching for Kennesaw Jets : LHP Jules Goux
Pitching: RHP Bill Tench
Batting: RHB Roy Burns 0-0: Fly out, F7 (Line Drive, 7S)
Batting: RHB José Árias 0-0: Ball
1-0: Ball
2-0: Ball
3-0: Base on Balls
Batting: RHB Tomás Cameros 0-0: Called Strike
0-1: Ball
1-1: Ball
2-1: Ball
3-1: Base on Balls
José Árias to second
Batting: SHB Donnie Magee 0-0: Swinging Strike
0-1: Swinging Strike
0-2: Strikes out swinging
Batting: RHB Dallas Jiménez 0-0: Swinging Strike
0-1: Swinging Strike
0-2: Fielders Choice at 2nd, 5-4 (Groundball, 5)
Top of the 9th over - 0 runs, 0 hits, 0 errors, 2 left on base; Valley 1 - Kennesaw 5
Wednesday, September 19th, 2018 - OOTP Baseball 18.8 Build 76